 Dungeon Crawl Stone Soup version 0.30.0-29-ga12c61a403 (webtiles) character file.

Game seed: 11503074835690135412

552391 bmack86 the Conqueror (level 25, -3/257 HPs)
             Began as a Minotaur Fighter on June 5, 2023.
             Was the Champion of Okawaru.
             Slain by a ghost moth (11 damage)
             ... on level 3 of the Realm of Zot on June 6, 2023.
             The game lasted 03:30:01 (47794 turns).

bmack86 the Conqueror (Minotaur Fighter)           Turns: 47794, Time: 03:30:02

Health: -3/257     AC: 45    Str: 38 (39) XL:     25   Next: 9%
Magic:  0/33       EV:  8    Int:  9      God:    Okawaru [******]
Gold:   2678       SH: 31    Dex:  5      Spells: 24/24 levels left

rFire   + + +        t - +8 broad axe "Gaomui" {spect, rF++}
rCold   + . .        a - +7 tower shield
rNeg    . . .        A - +9 scales of the Dragon King {rPois rF+ rC+ Will+}
rPois   +            B - +1 hat "Pufo" {rPois Regen+}
rElec   .            p - +2 cloak
rCorr   .            b - +4 pair of gloves of the Distant Future {rF+ Int+4}
SInv    .            C - +2 pair of boots {rampage}
Will    ++...        W - amulet "Nubbuole" {Reflect Fly rPois Dex-5 Slay+3 SH+5} Stlth
                     q - +4 ring of protection
HPRegen 1.42/turn    h - +6 ring of strength
MPRegen 0.23/turn

%: reflection, rampage
@: corroded, flying, studying Fighting
A: horns 2, retaliatory headbutt
}: 3/15 runes: serpentine, barnacled, silver
a: Renounce Religion, Heroism, Finesse, Duel


You were on level 3 of the Realm of Zot.
You worshipped Okawaru.
Okawaru was exalted by your worship.
You visited 10 branches of the dungeon, and saw 46 of its levels.
You visited the Abyss 1 time.
You also visited: Trove, Bailey, Gauntlet and Ice Cave.

You collected 7227 gold pieces.
You spent 4549 gold pieces at shops.

Inventory:

Hand Weapons
 t - the +8 broad axe "Gaomui" (weapon) {spect, rF++}
   (Okawaru gifted it to you in an ice cave)

   rF:        It greatly protects you from fire.
 Q - a +4 antimagic broad axe
Missiles
 f - 44 boomerangs (quivered)
 m - 7 throwing nets
 r - 33 silver javelins
Armour
 a - a +7 tower shield (worn)
 b - the +4 pair of gloves of the Distant Future (worn) {rF+ Int+4}
   (You found it on level 2 of the Shoals)

   Int:       It affects your intelligence (+4).
   rF:        It protects you from fire.
 p - a +2 cloak (worn)
 A - the +9 scales of the Dragon King (worn) {rPois rF+ rC+ Will+}
   (You bought it in a shop on level 2 of the Orcish Mines)

   rF:        It protects you from fire.
   rC:        It protects you from cold.
   rPois:     It protects you from poison.
   Will:      It increases your willpower.
 B - the +1 hat "Pufo" (worn) {rPois Regen+}
   (Okawaru gifted it to you on level 3 of the Vaults)

   rPois:     It protects you from poison.
   Regen:     It increases your rate of health regeneration.
 C - a +2 pair of boots of rampaging (worn)
 X - the +2 hat of the Bear Spirit {Spirit, Bear, *Rage Will++}
   (You found it on level 4 of the Shoals)

   Bear:      Going berserk makes the wearer exceptionally tough, and they are
   slowed for a shorter time afterward.
   *Rage:     It berserks you when you make melee attacks (+20% chance).
   Will:      It greatly increases your willpower.
 Y - a +2 hat of see invisible
Jewellery
 h - a +6 ring of strength (right hand)
 i - the ring of Apsal {Ice rElec rCorr Dex+3}
   (You found it in a treasure trove)

   [ring of ice]

   It enhances your ice magic.
   Dex:       It affects your dexterity (+3).
   rF:        It makes you vulnerable to fire.
   rC:        It protects you from cold.
   rElec:     It insulates you from electricity.
   rCorr:     It protects you from acid and corrosion.
 k - the ring of Propriety {Fly rElec Int+2}
   (You acquired it in a treasure trove)

   [ring of flight]

   Int:       It affects your intelligence (+2).
   rElec:     It insulates you from electricity.
   Fly:       It grants you flight.
 q - a +4 ring of protection (left hand)
 u - the ring "Ces Imigg" {Fly rC+ rN++ Int-5}
   (You found it on level 5 of the Vaults)

   [ring of flight]

   Int:       It affects your intelligence (-5).
   rC:        It protects you from cold.
   rN:        It greatly protects you from negative energy.
   Fly:       It grants you flight.
 y - a +6 ring of intelligence
 J - a ring of resist corrosion
 N - a ring of see invisible
 O - the ring of Upyodyli {Wiz rElec Will+ Dex+5}
   (You found it in a treasure trove)

   [ring of wizardry]

   It improves your spell success rate.
   Dex:       It affects your dexterity (+5).
   rElec:     It insulates you from electricity.
   Will:      It increases your willpower.
 W - the amulet "Nubbuole" (around neck) {Reflect Fly rPois Dex-5 Slay+3 SH+5}
   (You found it in a treasure trove)

   [amulet of reflection]

   It reflects blocked missile attacks.
   Dex:       It affects your dexterity (-5).
   Slay:      It affects your accuracy & damage with ranged weapons and melee
   (+3).
   rPois:     It protects you from poison.
   Fly:       It grants you flight.
   SH:        It affects your SH (+5).
Wands
 d - a wand of roots (83)
 w - a wand of quicksilver (65)
 K - a wand of flame (139)
 M - a wand of polymorph (15)
 U - a wand of mindburst (42)
 Z - a wand of digging (7)
Scrolls
 e - 2 scrolls of silence
 g - 27 scrolls of teleportation
 l - a scroll of amnesia
 s - 3 scrolls of magic mapping
 P - 10 scrolls of blinking
 S - 7 scrolls of fog
Potions
 c - 7 potions of haste
 j - 21 potions of curing
 n - 9 potions of lignification
 o - 4 potions of heal wounds
 v - a potion of brilliance
 x - 5 potions of ambrosia
 z - 5 potions of mutation
 D - 4 potions of resistance
 E - 9 potions of might
 F - 6 potions of cancellation
 G - 2 potions of magic
 I - 2 potions of invisibility
 T - 4 potions of berserk rage


   Skills:
 O Level 27 Fighting
 + Level 26.2 Axes
 - Level 10.0 Throwing
 + Level 24.5 Armour
 + Level 20.2 Shields
 - Level 15.0 Invocations
 + Level 13.7 Evocations


You had 24 spell levels left.
You didn't know any spells.
Your spell library contained the following spells:

 Spells                   Type           Power      Damage    Failure   Level
 Apportation              Tloc           0%         N/A       95%         1
 Beastly Appendage        Tmut           0%         N/A       95%         1
 Foxfire                  Conj/Fire      0%         2x1d4     95%         1
 Freeze                   Ice            0%         1d3       95%         1
 Necrotise                Necr           0%         1d4       95%         1
 Sandblast                Erth           0%         2d4       95%         1
 Shock                    Conj/Air       0%         1d3       95%         1
 Slow                     Hex            0%         N/A       95%         1
 Sting                    Tmut/Pois      0%         1d3       95%         1
 Blink                    Tloc           0%         N/A       98%         2
 Cigotuvi's Dreadful Rot  Necr/Pois/Air  0%         N/A       98%         2
 Ensorcelled Hibernation  Hex/Ice        0%         N/A       98%         2
 Lesser Beckoning         Tloc           0%         N/A       98%         2
 Momentum Strike          Conj/Tloc      0%         3d8       98%         2
 Passwall                 Tmut/Erth      0%         N/A       98%         2
 Searing Ray              Conj           0%         2d4       98%         2
 Static Discharge         Conj/Air       0%         2-2/arc   98%         2
 Sublimation of Blood     Necr           0%         N/A       98%         2
 Wereblood                Tmut           0%         N/A       98%         2
 Confusing Touch          Hex            0%         N/A       100%        3
 Dazzling Flash           Conj/Hex       0%         N/A       100%        3
 Frozen Ramparts          Ice            0%         1d1       100%        3
 Gell's Gravitas          Tloc           0%         N/A       100%        3
 Hailstorm                Conj/Ice       0%         3d3       100%        3
 Ignite Poison            Fire/Tmut/Pois 0%         N/A       100%        3
 Inner Flame              Hex/Fire       0%         N/A       100%        3
 Portal Projectile        Hex/Tloc       0%         N/A       100%        3
 Spider Form              Tmut/Pois      0%         N/A       100%        3
 Stone Arrow              Conj/Erth      0%         3d7       100%        3
 Swiftness                Air            0%         N/A       100%        3
 Teleport Other           Tloc           0%         N/A       100%        3
 Vampiric Draining        Necr           0%         2d6       100%        3
 Volatile Blastmotes      Fire/Tloc      0%         2d10      100%        3
 Airstrike                Air            0%         2d(0-16)  100%        4
 Anguish                  Hex/Necr       0%         N/A       100%        4
 Flame Wave               Conj/Fire      0%         2d4       100%        4
 Fulminant Prism          Conj/Hex       0%         3d5       100%        4
 Ice Form                 Ice/Tmut       0%         N/A       100%        4
 Iskenderun's Mystic Bla  Conj/Tloc      0%         2d3       100%        4
 Leda's Liquefaction      Hex/Erth       0%         N/A       100%        4
 Manifold Assault         Tloc           0%         N/A       100%        4
 Olgreb's Toxic Radiance  Pois           0%         N/A       100%        4
 Petrify                  Tmut/Erth      0%         N/A       100%        4
 Sticky Flame             Conj/Fire      0%         2d3       100%        4
 Agony                    Necr           0%         N/A       100%        5
 Alistair's Intoxication  Tmut/Pois      0%         N/A       100%        5
 Fireball                 Conj/Fire      0%         3d3       100%        5
 Freezing Cloud           Conj/Ice/Air   0%         6-21      100%        5
 Irradiate                Conj/Tmut      0%         3d11      100%        5
 Iskenderun's Battlesphe  Conj           0%         2d6       100%        5
 Lee's Rapid Deconstruct  Erth           0%         3d4*      100%        5
 Metabolic Englaciation   Hex/Ice        0%         N/A       100%        5
 Yara's Violent Unravell  Hex/Tmut       0%         3d3       100%        5
 Conjure Ball Lightning   Conj/Air       0%         3x3d6     100%        6
 Dispersal                Tloc           0%         N/A       100%        6
 Iron Shot                Conj/Erth      0%         9d1       100%        6
 Plasma Beam              Fire/Air       0%         2x1d11    100%        6
 Starburst                Conj/Fire      0%         6d3       100%        6
 Statue Form              Tmut/Erth      0%         N/A       100%        6
 Dragon Form              Tmut           0%         N/A       100%        7
 Enfeeble                 Hex            0%         N/A       100%        7
 Orb of Destruction       Conj           0%         9d5       100%        7
 Ozocubu's Refrigeration  Ice            0%         4d7       100%        7
 Storm Form               Tmut/Air       0%         N/A       100%        7
 Discord                  Hex            0%         N/A       100%        8
 Disjunction              Tloc           0%         N/A       100%        8
 Ignition                 Fire           0%         3d3       100%        8
 Lehudib's Crystal Spear  Conj/Erth      0%         10d2      100%        8
 Maxwell's Capacitive Co  Air            0%         ∞         100%        8
 Necromutation            Tmut/Necr      0%         N/A       100%        8
 Chain Lightning          Conj/Air       0%         N/A       100%        9
 Fire Storm               Conj/Fire      0%         5d1       100%        9
 Shatter                  Erth           0%         3d5*      100%        9
 Summon Small Mammal      Summ           Unusable   N/A       N/A         1
 Summon Guardian Golem    Hex/Summ       Unusable   N/A       N/A         3
 Animate Armour           Summ/Erth      Unusable   N/A       N/A         4
 Summon Ice Beast         Ice/Summ       Unusable   N/A       N/A         4
 Summon Lightning Spire   Summ/Air       Unusable   N/A       N/A         4
 Simulacrum               Ice/Necr       Unusable   N/A       N/A         6
 Spellforged Servitor     Conj/Summ      Unusable   N/A       N/A         7

Dungeon Overview and Level Annotations

Branches:
Dungeon (15/15)            Temple (1/1) D:5            Lair (5/5) D:11
 Shoals (4/4) Lair:2        Snake (4/4) Lair:3        Slime (0/5) Lair:5
    Orc (2/2) D:10            Elf (3/3) Orc:2        Vaults (5/5) D:14
  Crypt (0/3) Vaults:3     Depths (4/4) D:15            Zot (3/5) Depths:4
 Bailey (visited)           IceCv (visited)         Gauntlet (visited)

Altars:
Ashenzari
Cheibriados
Dithmenos
Elyvilon
Fedhas
Gozag
Hepliaklqana
Kikubaaqudgha
Makhleb
Nemelex Xobeh
Okawaru
Qazlal
Ru
Sif Muna
Trog
Uskayaw
Vehumet
Wu Jian
Xom
Yredelemnul
Zin
The Shining One
Jiyva

Shops:
D:1 :   D:3 =   D:6 [*?:(   Orc:2 ::![   Shoals:3 :   Vaults:1 !   Vaults:4 [?
Depths:1 =::   Depths:2 :   Depths:3 :(?

Portals:
Hell: Depths:1 Depths:2 Depths:3 Depths:4
Abyss: Depths:3
Pandemonium: Depths:2
Ziggurat: Depths:2

Annotations:
D:14 1 runed translucent door
Vaults:4 2 runed translucent doors, crisisinutopia's ghost, adept MiFi
Depths:3 1 exclusion


Innate Abilities, Weirdness & Mutations

You have a pair of horns on your head.
You reflexively headbutt those who attack you in melee.


Message History

You feel you are being watched by something.
You hear a roar!
The electric golem hurls lightning at you.
The bolt of lightning hits you!
* * * LOW HITPOINT WARNING * * *
You block something's attack. x3
You block the purple draconian's attack.
The electric golem hurls lightning at you.
The bolt of lightning hits you but does no damage.
You hear a deafening roar!
You feel you are being watched by something.
You feel your power leaking away.
You block the purple draconian's attack.
You feel you are being watched by something.
Something hits you but does no damage. x2; You block something's attack.
You block the purple draconian's attack.
You feel you are being watched by something.
Something hits you but does no damage. x2
Something stings you but does no damage.
The purple draconian rages.
You feel you are being watched by something.
The black draconian breathes lightning at you.
The bolt of lightning hits you!
* * * LOW HITPOINT WARNING * * *
You block the purple draconian's attack.
The purple draconian rages.
You feel you are being watched by something.
You hear a deafening roar!
You feel you are being watched by something.
You feel your power leaking away.
You feel you are being watched by something.
Something hits you!
* * * LOW HITPOINT WARNING * * *
Something hits you.
* * * LOW HITPOINT WARNING * * *
You feel weakened.
Something stings you but does no damage.
You feel you are being watched by something.
Something hits you but does no damage. Something hits you!
You die...

,,,,##.**,,,,,,,*
***,...,,..,*,*****
****#>#,,,.,*,,,,,*
,,,*#.#,**.###***,*
,,,*#.#,,,...,,,*,*
,,,*#.#,,,#.#**,*,*
,,,*#)#####.# *,,,*
,,,*#)().)..# *#######
q.dy.#...)..####@....#
.$.#.#.[.#.dqd9......#
#.,#.#...#.#####.....#
#*,#.#...#.# #######
*,#.#)..#.#
**#.#...#.#
***#.#####.#
,,,,,*,,,..#
******,**###


You could see an electric golem, a black draconian, a purple draconian (berserk)
and a red draconian scorcher.

Vanquished Creatures
  2 ancient liches (Vaults:5)
  Mara (Shoals:4)
  Mennas (Vaults:4)
  Parghit (Zot:1)
  Bai Suzhen (Vaults:3)
  2 curse toes (Zot:2)
  Margery (Depths:3)
  Xtahua (Vaults:4)
  5 caustic shrikes (Depths:4)
  Saint Roka (Depths:1)
  A golden dragon (Vaults:5)
  Nikola (Depths:2)
  The ghost of Ikkusishu the Marksmeteoran, an adept MeHs of Ashenzari (Zot:1)
  the Enchantress (Depths:2)
  A Tzitzimitl (Depths:3)
  3 doom hounds (Depths:3)
  An electric golem (Zot:2)
  The ghost of jempyr the Metallomancer, an adept GrEE of Vehumet (Depths:1)
  12 tentacled monstrosities
  An Ice Fiend (IceCv)
  Grunn (Depths:3)
  Rupert (D:13)
  Asterion (Elf:2)
  2 liches (Depths:3)
  6 quicksilver dragons
  A kraken (Shoals:2)
  3 deep elf blademasters
  2 deep elf master archers (Elf:3)
  5 death cobs
  8 sphinxes
  Polyphemus (Shoals:2)
  Agnes (D:15)
  A tentacled starspawn (Abyss:2)
  2 tengu reavers (Vaults:5)
  14 storm dragons
  7 shadow dragons
  Ilsuiw (Shoals:2)
  2 draconian monks
  A storm dragon (shapeshifter) (Vaults:5)
  Roxanne (Elf:2)
  4 nagarajas
  11 fire giants
  6 deep elf sorcerers
  Aizul (Elf:3)
  2 iron dragons (Vaults:5)
  4 frost giants
  The ghost of DocClef the Blocker, a journeyman GnFi of Okawaru (D:13)
  14 vault wardens
  A draconian shifter (Zot:3)
  2 broodmothers (shapeshifter)
  8 deep elf elementalists (Elf:3)
  2 draconian annihilators
  22 ironbound preservers
  2 war gargoyles (Vaults:5)
  The ghost of Sabo the Peltast, a journeyman FoFi of Qazlal (Depths:1)
  A cacodemon (Depths:2)
  7 ironbound thunderhulks
  32 very ugly things
  19 stone giants
  A vampire knight (D:13)
  The ghost of jurchenman the Eclecticist, a journeyman DEFE of Vehumet (Shoals:2)
  4 spriggan defenders (Depths:2)
  Nessos (D:12)
  A putrid mouth (Depths:2)
  3 black draconians
  10 deep elf annihilators
  3 yellow draconians
  2 eleionomae (Depths:2)
  3 purple draconians
  3 red draconians
  A white draconian (Depths:4)
  4 deep elf demonologists
  9 dire elephants
  9 deep elf death magi (Elf:3)
  A minotaur (Gauntlet)
  2 deep elf high priests (Elf:3)
  3 jiangshi (Depths:4)
  12 ettins
  Josephine (Lair:5)
  A blizzard demon (Abyss:2)
  9 merfolk javelineers
  6 great orbs of eyes
  5 fire dragons
  13 merfolk impalers
  2 entropy weavers
  A rakshasa (Depths:2)
  24 yaktaur captains
  9 ice dragons
  3 ogre magi
  Fannar (D:11)
  4 salamander tyrants
  Erolcha (D:11)
  20 hydras
  32 vault guards
  A caustic shrike simulacrum (IceCv)
  17 two-headed ogres
  4 centaur warriors (D:13)
  8 ironbound frosthearts
  3 merfolk avatars
  3 spriggan air magi (Depths:2)
  8 anacondas
  3 catoblepae
  35 dancing weapons
  8 boulder beetles
  4 deep troll shamans
  5 merfolk aquamancers
  A spriggan skeleton (Depths:3)
  A two-headed ogre (shapeshifter) (Vaults:5)
  2 satyrs (Shoals:4)
  A vampire mage (Depths:4)
  10 death yaks
  10 naga warriors
  5 deep troll earth magi
  6 shock serpents
  13 naga sharpshooters
  7 spriggan berserkers
  8 tengu warriors
  5 soul eaters (Depths:3)
  22 deep elf knights
  5 sun demons
  2 wretched stars (Abyss:2)
  A skyshark (shapeshifter) (Depths:2)
  A fire crab (D:8)
  Nergalle (Orc:2)
  4 salamander mystics
  9 hell knights
  3 iron trolls
  4 skysharks
  Amaemon (D:8)
  A skeletal warrior (D:9)
  10 sea snakes
  61 deep trolls
  A death drake (shapeshifter) (Vaults:5)
  2 flayed ghosts
  The ghost of RascalDebosk the Magician, a novice DjCj of Ashenzari (D:7)
  11 deep elf archers
  An orb spider (shapeshifter) (Depths:1)
  A bog body (IceCv)
  A glowing orange brain (shapeshifter) (Vaults:3)
  A glowing orange brain (Depths:4)
  A kraken simulacrum (Shoals:2)
  10 lindwurms
  An obsidian statue (IceCv)
  8 spriggan simulacra (IceCv)
  8 naga ritualists
  23 deep elf zephyrmancers
  Pikel (D:5)
  4 phantasmal warriors
  2 orc knights
  A frost giant zombie (Depths:3)
  9 necromancers
  A tengu zombie (Vaults:3)
  51 harpies
  3 shining eyes (shapeshifter) (Vaults:3)
  9 wizards
  A sphinx zombie (Vaults:3)
  10 mana vipers
  32 deep elf pyromancers
  16 ironbound convokers
  31 ugly things
  9 orc sorcerers
  5 cyclopes
  13 fauns
  25 manticores
  A moth of wrath (shapeshifter) (D:13)
  A cyclops (shapeshifter) (Vaults:3)
  14 elephants
  16 salamanders
  A will-o-the-wisp (Abyss:2)
  Maurice (D:13)
  9 moths of wrath
  11 water nymphs
  3 smoke demons
  An apocalypse crab (Abyss:2)
  22 naga magi
  11 vault sentinels
  51 black mambas
  10 merfolk sirens
  3 guardian serpents
  3 orange demons
  12 cane toads
  A fire giant skeleton (Depths:3)
  A torpor snail (Lair:1)
  A storm dragon simulacrum (Depths:3)
  3 gargoyles
  4 rime drakes
  3 golden dragon simulacra (IceCv)
  25 yaktaurs
  2 efreet
  7 freezing wraiths
  An unseen horror (D:9)
  3 kobold demonologists
  A spark wasp simulacrum (Depths:3)
  9 ice devils
  5 komodo dragons
  A yaktaur skeleton (Vaults:3)
  8 tengu conjurers
  A queen bee (shapeshifter) (Vaults:5)
  33 merfolk
  3 hellwings
  An ancient zyme (Abyss:2)
  8 trolls
  A troll (shapeshifter) (D:9)
  2 polar bears
  Grinder (D:4)
  7 raiju (Abyss:2)
  11 wind drakes
  9 snapping turtles
  A wolf spider simulacrum (Gauntlet)
  14 hornets
  8 blink frogs
  Sigmund (D:6)
  10 dream sheep
  3 flying skulls (Gauntlet)
  9 air elementals
  A jumping spider (Vaults:1)
  3 centaur simulacra
  2 culicivoras (shapeshifter)
  A dire elephant simulacrum (IceCv)
  11 wraiths
  2 culicivoras
  2 vampires
  Eustachio (D:6)
  3 shadows
  A fire elemental (Elf:2)
  33 slime creatures
  15 spriggans
  33 water elementals
  2 alligator snapping turtle simulacra (Shoals:2)
  34 yaks
  A human (shapeshifter) (Vaults:5)
  9 humans (D:14)
  3 steam dragons
  6 basilisks
  A hog (shapeshifter) (Depths:2)
  12 vampire mosquitoes
  4 wyverns
  6 redbacks
  8 minotaur simulacra (IceCv)
  A neqoxec (Abyss:2)
  2 harpy simulacra (Shoals:2)
  A sea snake simulacrum (Shoals:2)
  3 wargs
  A chaos spawn (Abyss:2)
  An acid dragon (D:11)
  2 death yak simulacra (Shoals:2)
  A glowing shapeshifter zombie (Vaults:3)
  46 nagas
  21 water moccasins
  A hell hound (Elf:3)
  Duvessa (D:4)
  3 ice beasts (D:6)
  2 large abominations (Abyss:2)
  29 orc warriors
  2 black bears (Lair:3)
  A satyr simulacrum (Shoals:2)
  15 ogres
  15 wolves
  18 centaurs
  An elf simulacrum (Vaults:3)
  A phantom (D:5)
  12 kobold brigands
  19 bullfrogs
  An earth elemental (Elf:2)
  3 scorpions
  8 deep troll simulacra (IceCv)
  2 faun simulacra (Shoals:2)
  3 gnoll sergeants
  Dowan (D:4)
  11 wights
  A hornet simulacrum (Gauntlet)
  8 killer bees (D:9)
  4 lindwurm simulacra (IceCv)
  6 snapping turtle simulacra (Shoals:2)
  2 manticore simulacra (Shoals:2)
  7 howler monkeys
  9 electric eels
  A quasit (Abyss:2)
  8 hounds
  29 orc priests
  Crazy Yiuf (D:6)
  5 jellies
  4 cyclops simulacra (Shoals:2)
  2 iron imps (Abyss:2)
  2 iguanas (D:6)
  39 orc wizards
  2 small abominations (Abyss:2)
  3 gnolls (D:11)
  3 adders
  4 shadow imps
  2 white imps
  An ufetubus (D:6)
  A dart slug (D:4)
  96 orcs
  6 endoplasms
  6 giant cockroaches
  9 goblins
  7 hobgoblins
  3 jackals (D:5)
  17 kobolds
  3 quokkas
  6 ball pythons
  2 bats
  3 frilled lizards
  5 rats
  A spectral weapon (Shoals:3)
  2 tentacles (Shoals:2)
2131 creatures vanquished.

Vanquished Creatures (others)
  A salamander mystic (Snake:4)
  A cyclops (Orc:1)
  A slime creature (D:13)
  An orc (Vaults:5)
  6 foxfires (Abyss:2)
  70 spectral weapons
  2 starspawn tentacles (Abyss:2)
  7 tentacles (Shoals:2)
89 creatures vanquished.

Grand Total: 2220 creatures vanquished

Notes
Turn   | Place    | Note
-------+----------+-------------------------------------------
     0 | D:1      | bmack86 the Minotaur Fighter began the quest for the Orb.
     0 | D:1      | Reached XP level 1. HP: 19/19 MP: 0/0
    55 | D:1      | Found Hiuc's Book Boutique.
   275 | D:1      | Reached XP level 2. HP: 26/26 MP: 1/1
  1210 | D:2      | Reached XP level 3. HP: 26/31 MP: 2/2
  1236 | D:2      | Identified the +0 leather armour "Pouzaor" {rCorr MP+9}
  1755 | D:3      | Found Vamowor's Jewellery Shoppe.
  1811 | D:3      | Reached skill level 5 in Axes
  2067 | D:4      | Reached XP level 4. HP: 39/39 MP: 3/3
  2135 | D:4      | Noticed Duvessa
  2135 | D:4      | Noticed Dowan
  2141 | D:4      | Killed Duvessa
  2142 | D:4      | Reached XP level 5. HP: 38/45 MP: 4/4
  2148 | D:4      | Killed Dowan
  2231 | D:4      | Noticed a centaur
  2241 | D:4      | Killed a centaur
  2242 | D:4      | Reached XP level 6. HP: 48/51 MP: 5/5
  2424 | D:4      | Identified the +6 whip of Lust {drain, *Corrode rPois SInv}
  2448 | D:4      | Reached XP level 7. HP: 57/57 MP: 6/6
  2457 | D:4      | Noticed Grinder
  2472 | D:4      | Paralysed by Grinder for 4 turns
  2476 | D:4      | Killed Grinder
  2477 | D:4      | Reached skill level 10 in Axes
  2759 | D:5      | Entered Level 5 of the Dungeon
  2772 | D:5      | Reached XP level 8. HP: 41/64 MP: 7/7
  2830 | D:5      | Noticed Pikel
  2843 | D:5      | Killed Pikel
  2851 | D:5      | Found a staircase to the Ecumenical Temple.
  2861 | Temple   | Entered the Ecumenical Temple
  3091 | Temple   | Became a worshipper of Warmaster Okawaru
  3243 | D:5      | Got Sif Muna's Incunable of Cleavage and Rime
  3273 | D:5      | Found a blossoming altar of Fedhas.
  3276 | D:5      | Found an opulent altar of Gozag.
  3289 | D:5      | Found a shimmering blue altar of Sif Muna.
  3564 | D:6      | Noticed Sigmund
  3573 | D:6      | Killed Sigmund
  3574 | D:6      | Reached XP level 9. HP: 57/70 MP: 8/8
  3575 | D:6      | Reached * piety under Okawaru
  3579 | D:6      | Reached skill level 4 in Fighting
  3629 | D:6      | Found Pefaan's Book Boutique.
  3629 | D:6      | Found Anesuf's Weapon Shoppe.
  3646 | D:6      | Reached skill level 1 in Invocations
  3879 | D:6      | Found a runed translucent door.
  3880 | D:6      | Noticed Crazy Yiuf
  3890 | D:6      | Killed Crazy Yiuf
  3966 | D:6      | Found Uhuh's Antique Armour Shop.
  3974 | D:6      | Reached skill level 5 in Fighting
  3981 | D:6      | Bought a pair of steaming gloves for 209 gold pieces
  3981 | D:6      | Identified the +1 pair of gloves of Gougunat {-Tele Dex+4
                  | Slay+3} (You bought it in a shop on level 6 of the Dungeon)
  3998 | D:6      | Found a hazy altar of Hepliaklqana.
  4122 | D:6      | Found Ceogi's Assorted Antiques.
  4192 | D:6      | Found Asmaxor's Magic Scroll Shop.
  4219 | D:6      | Noticed Eustachio
  4226 | D:6      | Killed Eustachio
  4226 | D:6      | Reached ** piety under Okawaru
  4227 | D:6      | Reached skill level 6 in Fighting
  4227 | D:6      | Reached skill level 5 in Armour
  4422 | D:7      | Reached skill level 7 in Fighting
  4583 | D:7      | Identified the +6 scale mail "Egihuvva" {rF+ rC++}
  4706 | D:7      | Found a runed translucent gate.
  4706 | D:7      | Found a runed translucent gate.
  4706 | D:7      | Found a runed translucent gate.
  4707 | D:7      | Noticed RascalDebosk's ghost (novice DjCj)
  4709 | D:7      | Noticed a kobold demonologist
  4751 | D:7      | Found a flagged portal.
  4771 | Bailey   | Entered a bailey
  4807 | Bailey   | Reached skill level 8 in Fighting
  4836 | Bailey   | Reached XP level 10. HP: 79/88 MP: 11/11
  4839 | Bailey   | Reached *** piety under Okawaru
  4842 | Bailey   | Reached skill level 1 in Throwing
  4892 | Bailey   | Noticed a two-headed ogre
  4899 | Bailey   | Killed a two-headed ogre
  4900 | Bailey   | Reached skill level 9 in Fighting
  4941 | Bailey   | Reached **** piety under Okawaru
  5043 | D:7      | Reached skill level 5 in Invocations
  5634 | D:8      | Reached skill level 10 in Fighting
  5722 | D:8      | Received a gift from Okawaru
  5735 | D:8      | Found a transporter.
  5737 | D:8      | Found a transporter.
  5757 | D:8      | Noticed a fire crab
  6440 | D:8      | Noticed Amaemon
  6441 | D:8      | Noticed an orange demon
  6449 | D:8      | Killed Amaemon
  6450 | D:8      | Reached skill level 11 in Fighting
  6450 | D:8      | Reached XP level 11. HP: 85/102 MP: 14/14
  6576 | D:9      | Reached ***** piety under Okawaru
  6657 | D:9      | Noticed a white ugly thing
  6664 | D:9      | Killed a white ugly thing
  6664 | D:9      | Received a gift from Okawaru
  6722 | D:9      | Reached skill level 5 in Throwing
  7055 | D:9      | Identified the +5 great sword "Orhety" {spect, rPois rC+
                  | Int-3}
  7055 | D:9      | Identified the amulet "Viutet" {Faith rN+ Dex+2 SInv}
  7055 | D:9      | Noticed a skeletal warrior
  7073 | D:9      | HP: 1/104 [skeletal warrior/the +5 great sword "Orhety"
                  | {spect, rPois rC+ Int-3} (22)]
  7082 | D:9      | Killed a skeletal warrior
  7126 | D:9      | Noticed a two-headed ogre
  7128 | D:9      | Killed a two-headed ogre
  7219 | D:9      | Reached skill level 12 in Fighting
  7275 | D:9      | Noticed a two-headed ogre
  7283 | D:9      | Killed a two-headed ogre
  7283 | D:9      | Received a gift from Okawaru
  7612 | D:10     | Entered Level 10 of the Dungeon
  7662 | D:10     | Reached skill level 15 in Axes
  8185 | D:10     | Found a staircase to the Orcish Mines.
  8287 | D:10     | Found a shadowy altar of Dithmenos.
  8500 | D:11     | Noticed Fannar
  8553 | D:11     | Noticed a two-headed ogre
  8558 | D:10     | Reached XP level 12. HP: 89/113 MP: 16/16
  8569 | D:10     | Killed a two-headed ogre
  8571 | D:10     | Reached skill level 13 in Fighting
  8617 | D:11     | Killed Fannar
  8650 | D:11     | Noticed Erolcha
  8656 | D:11     | Killed Erolcha
  8729 | D:11     | Found a staircase to the Lair.
  8886 | D:11     | Noticed a boulder beetle
  8901 | D:11     | Killed a boulder beetle
  9051 | D:11     | Noticed a two-headed ogre
  9059 | D:11     | Killed a two-headed ogre
  9082 | D:12     | Noticed Nessos
  9087 | D:12     | Killed Nessos
  9087 | D:12     | Reached ****** piety under Okawaru
  9087 | D:12     | Received a gift from Okawaru
  9099 | D:12     | Noticed a two-headed ogre
  9107 | D:12     | Killed a two-headed ogre
  9119 | D:12     | Reached skill level 14 in Fighting
  9379 | D:12     | Identified the +3 leather armour "Xodothre" {Drain rElec
                  | Int-5 Dex+6}
  9524 | D:12     | Identified the +4 rapier "Runiroup" {freeze, Str+3}
  9568 | D:12     | Noticed a two-headed ogre
  9578 | D:12     | Killed a two-headed ogre
  9902 | D:13     | Noticed Maurice
  9907 | D:13     | Killed Maurice
  9958 | D:13     | Noticed Rupert
  9958 | D:13     | Noticed a boulder beetle
  9961 | D:13     | Noticed a boulder beetle
  9961 | D:13     | Noticed a two-headed ogre
  9962 | D:13     | Noticed a six-headed hydra
  9965 | D:13     | Noticed a tengu warrior
  9974 | D:13     | Killed Rupert
  9975 | D:13     | Reached skill level 5 in Shields
  9975 | D:13     | Reached XP level 13. HP: 66/125 MP: 15/17
  9977 | D:13     | Noticed an ettin
  9981 | D:13     | Noticed a fire giant
 10029 | D:13     | Killed an ettin
 10057 | D:13     | Identified the +2 ring mail of Hirock {Str+3} (Okawaru
                  | gifted it to you on level 13 of the Dungeon)
 10057 | D:13     | Received a gift from Okawaru
 10058 | D:13     | Reached skill level 15 in Fighting
 10078 | D:13     | Killed a fire giant
 10114 | D:13     | Noticed a sphinx
 10120 | D:13     | Killed a sphinx
 10122 | D:13     | Noticed a vampire knight
 10122 | D:13     | Noticed a sphinx
 10142 | D:13     | Noticed a storm dragon
 10187 | D:13     | Killed a storm dragon
 10207 | D:13     | Killed a vampire knight
 10253 | D:13     | Received a gift from Okawaru
 10257 | D:13     | Reached skill level 10 in Shields
 10262 | D:13     | Killed a sphinx
 10509 | D:13     | Reached skill level 16 in Fighting
 10509 | D:13     | Reached XP level 14. HP: 80/137 MP: 18/18
 10742 | D:13     | Received a gift from Okawaru
 10755 | D:13     | Found a runed translucent door.
 10755 | D:13     | Noticed DocClef's ghost (journeyman GnFi)
 10839 | D:14     | Received a gift from Okawaru
 10919 | Lair:1   | Entered Level 1 of the Lair of Beasts
 12069 | Lair:2   | Found a staircase to the Shoals.
 12195 | Lair:2   | Received a gift from Okawaru
 12709 | Lair:3   | Found a staircase to the Snake Pit.
 13404 | Lair:3   | Reached skill level 17 in Fighting
 14631 | Lair:5   | Entered Level 5 of the Lair of Beasts
 14631 | Lair:5   | Noticed Josephine
 14641 | Lair:5   | Killed Josephine
 14642 | Lair:5   | Reached skill level 10 in Throwing
 14779 | Lair:5   | Reached XP level 15. HP: 122/147 MP: 19/19
 14787 | Lair:5   | Received a gift from Okawaru
 14815 | Lair:5   | Received a gift from Okawaru
 14818 | Lair:5   | Reached skill level 15 in Shields
 14827 | Lair:5   | Found a staircase to the Slime Pits.
 14840 | Lair:5   | Reached skill level 18 in Fighting
 14916 | Lair:5   | Identified the amulet of Mistrust {RegenMP Rampage MP+9}
 14945 | Lair:5   | Found a gate leading to a gauntlet.
 14961 | Gauntlet | Entered a Gauntlet
 14961 | Gauntlet | Found a transporter.
 14974 | Gauntlet | Found a transporter.
 14990 | Gauntlet | Found a transporter.
 14998 | Gauntlet | Found a transporter.
 15022 | Gauntlet | Found a transporter.
 15036 | Gauntlet | Found a transporter.
 15048 | Gauntlet | Found a transporter.
 15060 | Gauntlet | Found a transporter.
 15072 | Gauntlet | Found a transporter.
 15084 | Gauntlet | Found a transporter.
 15102 | Gauntlet | Found a transporter.
 15122 | Gauntlet | Found a transporter.
 15124 | Gauntlet | Found a transporter.
 15156 | Gauntlet | Found a transporter.
 15158 | Gauntlet | Found a transporter.
 15160 | Gauntlet | Found a transporter.
 15190 | Gauntlet | Found a transporter.
 15210 | Gauntlet | Found a transporter.
 15320 | Gauntlet | Identified the +6 scale mail of the Miller {Fly Will+ Int-2
                  | Dex+3}
 15357 | Gauntlet | Received a gift from Okawaru
 15372 | Gauntlet | Got the Dissertation on Evolving Kinetic Energy
 15455 | Lair:5   | Found a viscous altar of Jiyva.
 15532 | Lair:5   | Reached skill level 19 in Fighting
 16153 | D:7      | Killed RascalDebosk's ghost
 16541 | D:13     | Killed DocClef's ghost
 17020 | D:14     | Noticed a tengu reaver
 17021 | D:14     | Found a runed translucent door.
 17023 | D:14     | Noticed a fire giant
 17023 | D:14     | Noticed a storm dragon
 17023 | D:14     | Noticed a tengu reaver
 17327 | D:14     | Found a gate to the Vaults.
 17491 | D:15     | Entered Level 15 of the Dungeon
 17566 | D:15     | Found a frozen archway.
 17574 | IceCv    | Entered an ice cave
 17769 | IceCv    | Identified the +8 broad axe "Gaomui" {spect, rF++} (Okawaru
                  | gifted it to you in an ice cave)
 17769 | IceCv    | Received a gift from Okawaru
 17876 | IceCv    | Noticed an Ice Fiend
 17881 | IceCv    | Killed an Ice Fiend
 17882 | IceCv    | Reached XP level 16. HP: 96/162 MP: 21/21
 17904 | IceCv    | Identified the ring "Cikikenidu" {rC+ Dex+2}
 18098 | IceCv    | Reached skill level 20 in Fighting
 18518 | D:15     | Identified the +0 ring mail of Hairiness {Dex+7} (Okawaru
                  | gifted it to you on level 15 of the Dungeon)
 18518 | D:15     | Received a gift from Okawaru
 19070 | D:15     | Noticed Agnes
 19076 | D:15     | Killed Agnes
 19179 | D:15     | Found a staircase to the Depths.
 19672 | Orc:1    | Entered Level 1 of the Orcish Mines
 19692 | Orc:1    | Reached skill level 10 in Armour
 19937 | Orc:2    | Entered Level 2 of the Orcish Mines
 19937 | Orc:2    | Found a staircase to the Elven Halls.
 20299 | Orc:2    | Found Jiexuapp's Antique Armour Shoppe.
 20315 | Orc:2    | Found a radiant altar of Vehumet.
 20322 | Orc:2    | Found Kuehoth's Distillery.
 20338 | Orc:2    | Found Beddir's Book Shoppe.
 20364 | Orc:2    | Noticed Nergalle
 20368 | Orc:2    | Killed Nergalle
 20371 | Orc:2    | Found an ancient bone altar of Kikubaaqudgha.
 20377 | Orc:2    | Reached skill level 10 in Invocations
 20395 | Orc:2    | Found Nitoluiv's Book Emporium.
 21021 | Shoals:1 | Entered Level 1 of the Shoals
 21169 | Shoals:1 | Identified the +2 pair of boots of Good Intentions {Str+4}
                  | (Okawaru gifted it to you on level 1 of the Shoals)
 21169 | Shoals:1 | Received a gift from Okawaru
 21216 | Shoals:1 | Reached skill level 21 in Fighting
 21900 | Shoals:2 | Found a transporter.
 21903 | Shoals:2 | Noticed jurchenman's ghost (journeyman DEFE)
 21929 | Shoals:2 | Noticed Polyphemus
 21942 | Shoals:2 | Killed Polyphemus
 21977 | Shoals:2 | Found a runed translucent gate.
 21977 | Shoals:2 | Found a runed translucent gate.
 21977 | Shoals:2 | Found a runed translucent gate.
 21978 | Shoals:2 | Found a transporter.
 22119 | Shoals:2 | Reached XP level 17. HP: 162/173 MP: 24/24
 22191 | Shoals:2 | Noticed Ilsuiw
 22218 | Shoals:2 | Killed Ilsuiw
 22536 | Shoals:2 | Noticed a kraken
 22543 | Shoals:2 | Killed a kraken
 22777 | Shoals:3 | Received a gift from Okawaru
 22932 | Shoals:3 | Found Xionemn's Self-Improvement Boutique.
 23023 | Shoals:3 | Received a gift from Okawaru
 23489 | Shoals:4 | Entered Level 4 of the Shoals
 23658 | Shoals:4 | Reached skill level 22 in Fighting
 23832 | Shoals:4 | Received a gift from Okawaru
 23926 | Shoals:4 | Identified the +3 chain mail "Hoeroeff" {Int+4} (Okawaru
                  | gifted it to you on level 4 of the Shoals)
 23926 | Shoals:4 | Received a gift from Okawaru
 23945 | Shoals:4 | Paralysed by an air elemental for 1 turns
 23956 | Shoals:4 | Paralysed by an air elemental for 1 turns
 23990 | Shoals:4 | Paralysed by an air elemental for 1 turns
 24065 | Shoals:4 | Found the +2 hat of the Bear Spirit {Spirit, Bear, *Rage
                  | Will++}
 24191 | Shoals:4 | Noticed Mara
 24197 | Shoals:4 | Noticed bmack86's illusion
 24224 | Shoals:4 | Killed Mara
 24225 | Shoals:4 | Reached XP level 18. HP: 121/185 MP: 26/26
 24229 | Shoals:4 | Paralysed by an air elemental for 1 turns
 24247 | Shoals:4 | Got a barnacled rune of Zot
 24526 | Shoals:4 | Paralysed by an air elemental for 1 turns
 24793 | Shoals:2 | Killed jurchenman's ghost
 24803 | Shoals:2 | Identified the +0 cloak of Dyspraxia {*Slow rN+++ Int+3}
 24807 | Shoals:2 | Identified the +4 pair of gloves of the Distant Future {rF+
                  | Int+4}
 25050 | Vaults:1 | Entered Level 1 of the Vaults
 25220 | Vaults:1 | Received a gift from Okawaru
 25405 | Vaults:1 | Received a gift from Okawaru
 25435 | Vaults:1 | Reached skill level 15 in Armour
 25438 | Vaults:1 | Received a gift from Okawaru
 25535 | Vaults:1 | Found Laaxac's Distillery.
 25601 | Vaults:1 | Reached skill level 23 in Fighting
 25606 | Vaults:1 | Identified the -1 kite shield of Wyibutoz {rF+ Regen+}
                  | (Okawaru gifted it to you on level 1 of the Vaults)
 25606 | Vaults:1 | Received a gift from Okawaru
 25933 | Vaults:1 | Reached XP level 19. HP: 142/195 MP: 20/28
 26333 | Vaults:2 | Reached skill level 1 in Evocations
 26747 | Vaults:2 | Received a gift from Okawaru
 27280 | Vaults:2 | Received a gift from Okawaru
 27790 | Orc:2    | Bought the +9 scales of the Dragon King {rPois rF+ rC+
                  | Will+} for 3120 gold pieces
 27790 | Orc:2    | Found the +9 scales of the Dragon King {rPois rF+ rC+
                  | Will+}
 28644 | Vaults:3 | Noticed Bai Suzhen
 28673 | Vaults:3 | Killed Bai Suzhen
 28779 | Vaults:3 | Identified the +1 hat "Pufo" {rPois Regen+} (Okawaru gifted
                  | it to you on level 3 of the Vaults)
 28779 | Vaults:3 | Received a gift from Okawaru
 29110 | Vaults:3 | Found a staircase to the Crypt.
 29110 | Vaults:3 | Found a basalt altar of Yredelemnul.
 29110 | Vaults:3 | Found an ancient bone altar of Kikubaaqudgha.
 29257 | Vaults:4 | Noticed Xtahua
 29265 | Vaults:4 | Killed Xtahua
 29290 | Vaults:4 | Found Dudase's Armour Shop.
 29373 | Vaults:4 | Reached skill level 15 in Invocations
 29405 | Vaults:4 | Reached skill level 24 in Fighting
 29458 | Vaults:4 | Reached skill level 5 in Evocations
 29524 | Vaults:4 | Reached XP level 20. HP: 183/206 MP: 25/30
 29713 | Vaults:4 | Received a gift from Okawaru
 29942 | Vaults:4 | Found Azusol's Magic Scroll Emporium.
 30035 | Vaults:4 | Noticed Mennas
 30051 | Vaults:4 | Killed Mennas
 30138 | Vaults:4 | Found a large runed translucent door.
 30138 | Vaults:4 | Found a large runed translucent door.
 30140 | Vaults:4 | Noticed crisisinutopia's ghost (adept MiFi)
 30173 | Vaults:4 | Identified the +7 falchion "Transmigrator" {heavy, rElec
                  | rPois Int-2 Dex+5}
 30263 | Vaults:4 | Identified the scarf of the Wilderness {rC+ rF+, Str+3
                  | Slay-3 Stlth+} (Okawaru gifted it to you on level 4 of the
                  | Vaults)
 30263 | Vaults:4 | Received a gift from Okawaru
 30420 | Vaults:5 | Entered Level 5 of the Vaults
 30484 | Vaults:5 | Noticed an ancient lich
 30547 | Vaults:5 | Killed an ancient lich
 30746 | Vaults:5 | Noticed an ancient lich
 30757 | Vaults:5 | Killed an ancient lich
 30761 | Vaults:5 | Received a gift from Okawaru
 30797 | Vaults:5 | Identified the +0 war axe of Karma {holy, Stlth+}
 30871 | Vaults:5 | Got the Secrets of Grey Spellbinding
 30942 | Vaults:5 | Noticed a golden dragon
 30954 | Vaults:5 | Received a gift from Okawaru
 30955 | Vaults:5 | Killed a golden dragon
 30965 | Vaults:5 | Received a gift from Okawaru
 30974 | Vaults:5 | Reached XP level 21. HP: 128/214 MP: 19/31
 30976 | Vaults:5 | Reached skill level 25 in Fighting
 31298 | Vaults:5 | Identified the +5 hand axe of Internal Strife {vamp, rElec
                  | rCorr}
 31499 | Vaults:5 | Got the Cyclopedia of Shapes
 31690 | Vaults:5 | Identified the +3 hat of Panaz {Stlth+} (Okawaru gifted it
                  | to you on level 5 of the Vaults)
 31690 | Vaults:5 | Received a gift from Okawaru
 31722 | Vaults:5 | Identified the ring "Zeedeif" {*Slow Fly Int+4 Dex+3}
 31807 | Vaults:5 | Identified the +3 buckler "Nicat" {Fly Dex-5 Stlth+}
 31996 | Vaults:5 | Identified the staff of cold "Ucipt" {+Blink rC+ rCorr
                  | Int-3 Stlth-}
 32203 | Vaults:5 | Got the Elucidation of Glamour
 32205 | Vaults:5 | Got a silver rune of Zot
 32208 | Vaults:5 | Identified the +5 chain mail of Natsuf {rC++ Str+3}
 32331 | Vaults:5 | Identified the ring "Ces Imigg" {Fly rC+ rN++ Int-5}
 32499 | Vaults:5 | Got the Secrets of Blight and Changes
 32883 | Snake:1  | Entered Level 1 of the Snake Pit
 32890 | Snake:1  | Got Bachaq's Collected Works on Hiemal Electricity
 34332 | Snake:2  | Reached skill level 26 in Fighting
 34556 | Snake:3  | Received a gift from Okawaru
 34840 | Snake:3  | Received a gift from Okawaru
 35562 | Snake:4  | Entered Level 4 of the Snake Pit
 35574 | Snake:4  | Received a gift from Okawaru
 35817 | Snake:4  | Received a gift from Okawaru
 35831 | Snake:4  | Reached XP level 22. HP: 183/231 MP: 22/32
 35924 | Snake:4  | Got a serpentine rune of Zot
 36769 | Elf:1    | Entered Level 1 of the Elven Halls
 36770 | Elf:1    | Found Ywkuif's Distillery.
 36808 | Elf:1    | Reached skill level 27 in Fighting
 37079 | Elf:1    | Identified the +5 mace of the Valley of Death {heavy,
                  | +Blink}
 37195 | Elf:1    | Paralysed by an air elemental for 1 turns
 37599 | Elf:2    | Received a gift from Okawaru
 37778 | Elf:2    | Received a gift from Okawaru
 37787 | Elf:2    | Found a runed translucent gate.
 37788 | Elf:2    | Found a runed translucent gate.
 37788 | Elf:2    | Found a runed translucent gate.
 37935 | Elf:2    | Received a gift from Okawaru
 38201 | Elf:2    | Identified Roxanne's Elucidation of Changes
 38201 | Elf:2    | Noticed Roxanne
 38203 | Elf:2    | Noticed Asterion
 38205 | Elf:2    | Killed Roxanne
 38211 | Elf:2    | Killed Asterion
 38460 | Elf:2    | Received a gift from Okawaru
 38561 | Elf:2    | Reached skill level 10 in Evocations
 38995 | Elf:3    | Entered Level 3 of the Elven Halls
 39205 | Elf:3    | Paralysed by a sphinx for 4 turns
 39228 | Elf:3    | Received a gift from Okawaru
 39252 | Elf:3    | Received a gift from Okawaru
 39517 | Elf:3    | Paralysed by an air elemental for 1 turns
 39981 | Elf:3    | Reached XP level 23. HP: 240/240 MP: 33/33
 40025 | Elf:3    | Noticed Aizul
 40090 | Elf:3    | Killed Aizul
 40472 | Elf:3    | Received a gift from Okawaru
 40673 | Elf:3    | Identified the +4 hand axe of Utrepnao {pain, rN+}
 40697 | Elf:3    | Identified the +11 chain mail of Love and Death {rPois
                  | Slay-5 Stlth+}
 40732 | Elf:3    | Identified the +3 morningstar of Teoxode {heavy, *Slow
                  | +Blink rC+++ Int-4}
 40737 | Elf:3    | Identified the amulet "Wiumuola" {RegenMP rF+ rC- SInv}
 40742 | Elf:3    | Identified the +0 plate armour of Marbles {SInv}
 40744 | Elf:3    | Identified the staff of death "Worgh" {*Corrode rPois rN+
                  | Str+4 Int+3}
 40751 | Elf:3    | Got the Lessons on Transfiguration and the Assassin
 40754 | Elf:3    | Identified the +11 shortbow "Ijyman" {flame, rPois rF-
                  | Str+6 Int+2}
 40759 | Elf:3    | Identified the +6 dagger of Responsibility {flame, Str+4}
 40827 | Elf:3    | Identified the +6 dagger of Tenkapit {protect, +Blink rElec
                  | Str-5 Dex+2}
 41157 | Depths:1 | Entered Level 1 of the Depths
 41230 | Depths:1 | Found a runed translucent gate.
 41241 | Depths:1 | Found a runed translucent gate.
 41241 | Depths:1 | Found a runed translucent gate.
 41241 | Depths:1 | Noticed Sabo's ghost (journeyman FoFi)
 41245 | Depths:1 | Noticed jempyr's ghost (adept GrEE)
 41247 | Depths:1 | Identified the +0 ring mail of Polytheism {Fly rC+ Dex+3}
                  | (Okawaru gifted it to you on level 1 of the Depths)
 41247 | Depths:1 | Received a gift from Okawaru
 41259 | Depths:1 | Killed Sabo's ghost
 41267 | Depths:1 | Killed jempyr's ghost
 41459 | Depths:1 | Found Wiryguel's Book Emporium.
 41463 | Depths:1 | Found Exenuixi's Jewellery Shop.
 41464 | Depths:1 | Found Xilelin's Book Emporium.
 41678 | Depths:1 | Found a gateway to Hell.
 41782 | Depths:1 | Found an opulent altar of Gozag.
 41791 | Depths:1 | Found a shadowy altar of Dithmenos.
 41805 | Depths:1 | Noticed Saint Roka
 41820 | Depths:1 | Killed Saint Roka
 42255 | Depths:2 | Found Giulotah's Book Shop.
 42271 | Depths:2 | Found a broken altar of Ashenzari.
 42369 | Depths:2 | Found a one-way gate leading to the halls of Pandemonium.
 42399 | Depths:2 | Noticed Nikola
 42409 | Depths:2 | Killed Nikola
 42417 | Abyss:2  | Cast into level 2 of the Abyss (a wizard)
 42419 | Abyss:2  | Found a corrupted altar of Lugonu.
 42447 | Abyss:2  | Found a corrupted altar of Lugonu.
 42529 | Abyss:2  | Found a corrupted altar of Lugonu.
 42533 | Abyss:2  | Found a corrupted altar of Lugonu.
 42533 | Abyss:2  | Found a corrupted altar of Lugonu.
 42634 | Depths:2 | Escaped the Abyss
 42851 | Depths:2 | Identified the +0 pair of boots "Gommev" {rF++ Stlth+}
                  | (Okawaru gifted it to you on level 2 of the Depths)
 42851 | Depths:2 | Received a gift from Okawaru
 42948 | Depths:2 | Noticed the Enchantress
 42962 | Depths:2 | Killed the Enchantress
 43060 | Depths:2 | Identified the +0 chain mail of Cifoph {Harm Int+3}
 43116 | Depths:2 | Found a one-way gateway to a ziggurat.
 43366 | Depths:3 | Noticed Grunn
 43375 | Depths:3 | Reached XP level 24. HP: 116/239 MP: 33/33
 43496 | Depths:3 | Killed Grunn
 43595 | Depths:3 | Found Oprom Emo's Book Shoppe.
 43598 | Depths:3 | Found Saneom's Antique Weapon Emporium.
 43600 | Depths:3 | Found Maeg's Magic Scroll Shoppe.
 43612 | Depths:3 | Bought a scroll of enchant weapon for 120 gold pieces
 43711 | Depths:3 | Found a one-way gate to the infinite horrors of the Abyss.
 43815 | Depths:3 | Identified the +0 pair of boots of Least Resistance
                  | {+Blink} (Okawaru gifted it to you on level 3 of the
                  | Depths)
 43815 | Depths:3 | Received a gift from Okawaru
 43954 | Depths:3 | Noticed Margery
 43964 | Depths:3 | Killed Margery
 44312 | Depths:4 | Entered Level 4 of the Depths
 44482 | Depths:4 | Identified the +2 chain mail of the Loving Gods {rN+++
                  | Will+ Dex-4}
 44568 | Depths:4 | Found a white marble altar of Elyvilon.
 44822 | Depths:4 | Found a gate to the Realm of Zot.
 45053 | Depths:4 | Found a portal to a secret trove of treasure.
 45418 | D:6      | Bought the +9 staff of Olgreb {rPois∞} for 1100 gold pieces
 45418 | D:6      | Found the +9 staff of Olgreb {rPois∞}
 45960 | Depths:4 | You paid a toll of the staff of Olgreb to enter a treasure
                  | trove
 45961 | Trove    | Entered a treasure trove
 46036 | Trove    | Identified the ring of Apsal {Ice rElec rCorr Dex+3}
 46040 | Trove    | Identified the ring of Upyodyli {Wiz rElec Will+ Dex+5}
 46042 | Trove    | Identified the amulet "Nubbuole" {Reflect Fly rPois Dex-5
                  | Slay+3 SH+5}
 46057 | Trove    | Identified a scroll of acquirement
 46066 | Trove    | Acquired the ring of Propriety {Fly rElec Int+2}
 46210 | Zot:1    | Entered Level 1 of the Realm of Zot
 46230 | Zot:1    | Identified the +4 quick blade "Beedd" {antimagic, Str+3}
                  | (Okawaru gifted it to you on level 1 of the Realm of Zot)
 46230 | Zot:1    | Received a gift from Okawaru
 46419 | Zot:1    | Found a large runed translucent door.
 46419 | Zot:1    | Found a large runed translucent door.
 46420 | Zot:1    | Noticed Ikkusishu's ghost (adept MeHs)
 46421 | Zot:1    | Noticed Parghit
 46435 | Zot:1    | Killed Parghit
 46474 | Zot:1    | Killed Ikkusishu's ghost
 47737 | Zot:3    | Reached XP level 25. HP: 221/257 MP: 33/33
 47782 | Zot:3    | Received a gift from Okawaru
 47794 | Zot:3    | HP: 11/257 [something (15)]
 47794 | Zot:3    | Slain by a ghost moth

Illustrated notes

Levels and vault maps discovered:
D:1:      dpeg_arrival_simpleton_c, layout_basic, serial_shops, shop
D:2:      layout_basic, small_statue_intersection, kennysheep_generic_room_12
D:3:      layout_rooms, serial_shops, nicolae_shop_trees
D:4:      layout_loops_ring, uniq_grinder, uniq_duvessa
D:5:      layout_rooms, gammafunk_temple_overflow_forgotten,
          minmay_temple_entry_ruins, uniq_pikel
D:6:      layout_rooms, lemuel_round_altar, serial_shops, shop, shop,
          nicolae_diamond_shop, nicolae_shop_hallway_stairs, shop,
          uniq_crazy_yiuf_cottage, uniq_sigmund, uniq_eustachio
D:7:      layout_loops_corners, gammafunk_ghost_nasty_kobolds, enter_bailey_5
D:8:      gammafunk_wand_slinger, layout_basic, uniq_amaemon
D:9:      minmay_the_grid_net [minmay_the_grid_embedded,
          minmay_the_grid_dragon_a, minmay_the_grid_small_cups,
          minmay_the_grid_zigzag_pyramid, minmay_the_grid_large_cup,
          minmay_the_grid_prize_diamond_cup], layout_long_grid,
          nicolae_water_bricks, kennysheep_generic_room_13
D:10:     layout_irregular_city, mainiacjoe_overflow_surrounded_room, erik_orc_2
D:11:     layout_rooms, erik_lair_island, kennysheep_small_square, uniq_erolcha,
          uniq_fannar
D:12:     layout_loops_ring, kennysheep_generic_room_9, uniq_nessos
D:13:     nicolae_fronds_of_death, layout_rooms, gammafunk_ghost_grave,
          uniq_maurice, uniq_rupert
D:14:     minmay_gate_of_8, layout_irregular_city, ximxim_vaults_locker_room,
          kennysheep_pointless_box, minivault_26
D:15:     grunt_enter_depths_hoard, layout_layer_cave, hangedman_decor_opposing,
          portal_ice_cave_entry_pillars_three, uniq_agnes
Temple:   bh_familiar_temple
Lair:1:   dreamdust_cave_troll, layout_cave_pods, grunt_megastairs_1
Lair:2:   cheibrodos_lair_overgrown_chateau, layout_loops_ring,
          shoals_dummy_entry, lemuel_fruit_tree, infiniplex_staircase_pool_2
Lair:3:   layout_gridlike, dummy_snake_entry, pdpol_lair_cavern_descent
Lair:4:   layout_concentric_octagons, grunt_megastairs_4
Lair:5:   hangedman_lair_in_review, layout_concentric_octagons, slime_entry_1,
          gauntlet_entry_generic, st_stairs_4, nicolae_quartered_pool_little,
          uniq_josephine
Shoals:1: layout_shoals
Shoals:2: layout_shoals, gammafunk_ghost_berserking_beasts,
          nicolae_shoals_beach_cooler, uniq_polyphemus, uniq_ilsuiw
Shoals:3: layout_shoals, nicolae_shop_self_help
Shoals:4: shoals_end_hellmonk_storm_palace [storm_palace_center_square,
          storm_palace_corner_reverse_hut, storm_palace_corner_grid,
          storm_palace_corner_pillars, storm_palace_corner_pillars], uniq_mara
Snake:1:  layout_chambers, drop_trap
Snake:2:  layout_misc_corridors
Snake:3:  layout_chambers
Snake:4:  snake_pit, layout_cave_town
Orc:1:    layout_caves, basic_altar
Orc:2:    kennysheep_orc_mage_school, layout_diamond_mine
Elf:1:    layout_gridlike, serial_shops, nicolae_shop_stone,
          hangedman_elven_crosses_minicolossus, lemuel_upstairs_altar
Elf:2:    nicolae_elf_blades_crystal_corner, layout_loops_corners, uniq_roxanne,
          uniq_asterion
Elf:3:    elf_hall, layout_loops_corners, special_room
          [special_room_mythical_zoo], uniq_aizul
Vaults:1: hangedman_vaults_hat, st_lines, nicolae_vaults_trapezoid_4,
          hangedman_vaults_unwind, v_pattern_2, nicolae_vaults_tetromino_T_2,
          ontoclasm_vaults_eye, nicolae_vaults_network_square,
          hangedman_vaults_stagger, vaults_dpeg_ring, vaults_dpeg_cross,
          nicolae_vaults_rhombus_5, nicolae_vaults_tetromino_L_1,
          layout_vaults_omnibox, serial_shops, nicolae_shop_rolling_square
Vaults:2: mu_enter_wizlab_6, nicolae_vaults_big_ls,
          nicolae_vaults_storage_closets_2, ontoclasm_vaults_tryst,
          nicolae_vaults_asterisk, nicolae_vaults_closet_pinwheel_3,
          nicolae_vaults_mini_display_case, nicolae_vaults_trapezoid_2,
          layout_vaults_omnigrid
Vaults:3: minmay_crypt_entry_necro_gods, nicolae_vaults_little_squares_5,
          v_alt_pattern_4, nicolae_vaults_diagonal_hallway_7, v_misc_29,
          nicolae_vaults_loss_of_containment, v_misc_12,
          ontoclasm_vaults_shuriken, vaults_standard_mumra_x,
          nicolae_vaults_double_plus_1, vaults_dpeg_emergency_exit,
          layout_vaults_omnicross, uniq_bai_suzhen
Vaults:4: ebering_ghost_disaster_area, ontoclasm_vaults_misaligned,
          nicolae_vaults_quadrants, nicolae_vaults_stepped_doors,
          hangedman_vaults_corner_blocks, nicolae_vaults_house_3,
          nicolae_vaults_apartment_2, nicolae_vaults_little_squares_4,
          nicolae_vaults_windows_and_doors_thing, grunt_vaults_hallway_short,
          dpeg_vaults_monster_box, nicolae_vaults_tetromino_Z_2,
          nicolae_vaults_trapezoid_lopsided_2,
          nicolae_vaults_heart-shaped_vault, vaults_mumra_hexcomb,
          layout_vaults_ring, serial_shops, nicolae_shop_behind_doors,
          uniq_mennas, uniq_xtahua
Vaults:5: serial_shops
Depths:1: layout_basic, grunt_gozag_statues, gammafunk_ghost_cemetery,
          hell_entry, grunt_dithmenos_smoke_and_mirrors, minmay_shop_grove,
          serial_bayou_shore_a, uniq_saint_roka
Depths:2: grunt_forest_end_chambers, layout_basic, enter_ziggurat_a,
          rand_demon_pan_entry_7, hell_entry, serial_aquarium,
          aquarium_bridge_square [aquarium_subvault_window,
          aquarium_subvault_bridge, aquarium_subvault_bridge,
          aquarium_subvault_window], aquarium_window_1, aquarium_window_fake,
          aquarium_window_1, aquarium_view_2e, aquarium_view_2f,
          aquarium_pool_double, serial_shops, nicolae_shop_hallway_stairs,
          nicolae_ashenzari_skybound, uniq_nikola
Depths:3: minmay_outward_triangles, layout_cross, hellmouth_3, abyss_entry,
          serial_bayou_shore_b, infiniplex_staircase_zigzag_1, minmay_shop_star,
          uniq_margery, uniq_grunn
Depths:4: evilmike_zot_entry_round, layout_cave_pools, trove_entry_hex_spiral,
          hell_entry, nicolae_elyvilon_temple_path
Zot:1:    layout_gridlike, ebering_ghost_disaster_area, uniq_parghit
Zot:2:    layout_twisted_circle, skrybe_zot_glass_2, lemuel_elevator
Zot:3:    layout_basic

Skill      XL: |  1  2  3  4  5  6  7  8  9 10 11 12 13 14 15 16 17 18 19 20 21 22 23 24 |
---------------+-------------------------------------------------------------------------+-----
Axes           | 3 4 5 6 8 9 11 14 15 18 19 20 21 23 24 25 26 | 26.2
Fighting       | 8 11 12 14 16 17 19 21 22 23 24 26 27 | 27.0
Armour         | 6 8 11 14 15 16 18 20 21 23 24 | 24.5
Invocations    | 3 6 8 11 12 14 15 | 15.0
Throwing       | 4 5 6 8 10 | 10.0
Shields        | 5 10 14 15 16 18 20 | 20.2
Evocations     | 5 7 8 10 12 13 | 13.7

Action                     |  1- 3 |  4- 6 |  7- 9 | 10-12 | 13-15 | 16-18 | 19-21 | 22-24 | 25-27 || total
---------------------------+-------+-------+-------+-------+-------+-------+-------+-------+-------++-------
  Melee: War axe           |    85 |    36 |   189 |   457 |    20 |       |       |       |       ||   787
         Headbutt          |     9 |    10 |    48 |   118 |   179 |   186 |   226 |   262 |     8 ||  1046
         Broad axe         |       |       |       |       |   641 |   700 |   735 |  1047 |    37 ||  3160
  Throw: Boomerang         |    20 |     6 |     4 |    28 |    24 |    15 |     6 |    16 |       ||   119
 Invoke: Heroism           |       |       |       |     3 |     3 |       |     3 |     3 |       ||    12
         Finesse           |       |       |       |       |     3 |       |     2 |     3 |       ||     8
  Evoke: Wand              |       |       |       |       |       |       |       |     1 |       ||     1
    Use: Scroll            |     1 |     3 |     6 |    17 |    11 |     2 |     1 |    19 |       ||    60
         Potion            |       |     1 |       |     2 |     2 |     1 |     3 |     3 |       ||    12
   Stab: Distracted        |       |       |       |       |     3 |    17 |    19 |    26 |       ||    65
         Sleeping          |       |       |       |       |     1 |       |       |       |       ||     1
 Armour: Scale mail        |    52 |    19 |    59 |   278 |   409 |   226 |    15 |       |       ||  1058
         Chain mail        |       |       |    36 |       |       |       |       |       |       ||    36
         Crystal plate arm |       |       |       |       |       |    27 |       |       |       ||    27
         Gold dragon scale |       |       |       |       |       |       |   337 |   468 |    41 ||   846
  Dodge: Dodged            |    35 |    15 |    79 |   169 |   326 |   133 |   121 |   134 |    14 ||  1026
  Block: Buckler           |    17 |     9 |    53 |   112 |   116 |       |       |       |       ||   307
         Tower shield      |       |       |       |       |   441 |   726 |   690 |   976 |    81 ||  2914
         Reflection        |       |       |       |       |       |       |    56 |    96 |     4 ||   156
